AoeStats
← Scaslan

MegaRandom

508101611Analyzed
4v4 RM · 12d ago on Sep 20, 2026· 24m 14s· 8 players
Game mode
Random Map
Map size
Large (8 player)
Population
200
Speed
Normal
Resources
Standard
Victory
Conquest
Starting age
Dark Age
Ending age
Imperial Age
RankedLock teamsTeams togetherTeam positionsShared explorationLock speedFull tech treeHidden civsTurbo modeCheats
Victory
Defeat
🇲🇽 Hindustanis · Mexico
1006
+20
🇹🇷 Ethiopians · Türkiye
1005
+19
🇺🇸 Vietnamese · United States
1004
+20
🇦🇷 Magyars · Argentina
1003
+20
🇲🇽 Teutons · Mexico
1112
-22
🇨🇳 Huns · China
1105
-20
🇮🇳 Dravidians · India
1078
-19
🇵🇪 Britons · Peru
1046
-18
l BALLACK l2790
13:39 Feudal Age
19:16 Castle Age
20:04 Loom
aśoka
4:22 Loom
9:39 Loom
12:15 Feudal Age
13:03 Double-Bit Axe
19:40 Fletching
25:16 Castle Age
Jc
战丶无双
3:13 Loom
14:38 Feudal Age
20:13 Fletching
Brawling Toaster
4:58 Loom
19:54 Feudal Age
21:10 Wheelbarrow
20:40 Double-Bit Axe
21:00 Gold Mining
21:04 Stone Mining
22:19 Padded Archer Armor
23:24 Fletching
Mono de Guayaba
7:17 Loom
15:22 Feudal Age
16:40 Man-at-Arms
21:22 Fletching
23:17 Horse Collar
Scaslan
17:32 Feudal Age
19:17 Loom
19:17 Town Watch
JC
9:11 Loom
14:36 Feudal Age
21:44 Bloodlines
Connection lost

Rejoining the realm…

Still unreachable

The connection could not be restored.

Session expired

The server has moved on; the page needs a fresh start.